 Dungeon Crawl Stone Soup version 0.24-a0-498-ge00f04a (webtiles) character file.

Game seed: 4544820048462090278

34 silentkaos13 the Skirmisher (level 3, 0/29 HPs)
             Began as a Demonspawn Abyssal Knight on July 13, 2019.
             Was a Follower of Lugonu.
             Slain by Sigmund
             ... wielding a +0 scythe
              (3 damage)
             ... on level 2 of the Dungeon.
             The game lasted 00:03:19 (1222 turns).

silentkaos13 the Skirmisher (DsAK)                  Turns: 1222, Time: 00:03:20

Health: 0/29       AC:  4    Str: 13    XL:     3   Next: 14%
Magic:  4/4        EV: 11    Int: 13    God:    Lugonu [*.....]
Gold:   41         SH:  0    Dex: 12    Spells: 2/2 levels left

rFire    . . .     SeeInvis .   a - +1 hand axe
rCold    . . .     Gourm    .   (no shield)
rNeg     . . .     Faith    .   b - +0 leather armour
rPois    .         Spirit   .   (no helmet)
rElec    .         Reflect  .   (no cloak)
rCorr    .         Harm     .   (no gloves)
MR       .....                  (no boots)
Stlth    ++........             (no amulet)
HPRegen  0.09/turn              (no ring)
MPRegen  0.09/turn              (no ring)

@: confused
A: rugged brown scales 1, nightstalker 1, no potion heal 1
a: Depart the Abyss, Renounce Religion


You were on level 2 of the Dungeon.
You worshipped Lugonu.
Lugonu was aware of your devotion.
You were hungry.

You visited 1 branch of the dungeon, and saw 2 of its levels.
You visited the Abyss 1 time.

You collected 41 gold pieces.

Inventory:

Hand Weapons
 a - a +1 hand axe (weapon)
Missiles
 h - 26 poisoned darts (quivered)
Armour
 b - a +0 leather armour (worn)
 f - a +0 ring mail
 l - a +0 chain mail
Scrolls
 d - 2 scrolls of identify {unknown}
 e - a scroll of fear {unknown}
 i - a scroll of enchant weapon {unknown}
 j - a scroll of random uselessness {unknown}
 k - a scroll of fog {unknown}
Potions
 g - a potion of heal wounds
Comestibles
 c - 3 rations


   Skills:
 + Level 3.6 Fighting
 + Level 2.2 Axes
 + Level 0.1 Throwing
 + Level 2.0 Armour
 + Level 1.1 Dodging
 + Level 0.3 Stealth
 + Level 2.5 Invocations


You had 2 spell levels left.
You didn't know any spells.
Your spell library was empty.

Dungeon Overview and Level Annotations

Branches:
Dungeon (2/15)

Altars:
Nemelex Xobeh
Okawaru
Trog
Xom

Annotations:
D:2 Sigmund


Innate Abilities, Weirdness & Mutations

You are partially covered in rugged brown scales. (AC +1, +3% HP)
You are slightly more attuned to the shadows.
Potions are less effective at restoring your health.


Message History

You bump into the rock wall.
Something hits you! Something hits you.
* * * LOW HITPOINT WARNING * * *
Okay, then.
You bump into the rock wall.
You hear some strange, mumbled words.
Something tries to affect you, but you resist.
There is a stone staircase leading down here.
You bump into the rock wall.
You hear some strange, mumbled words.
You are more confused.
You hear some strange, mumbled words.
You are more confused.
There is a stone staircase leading down here.
Something completely misses you.
You're too confused to move!
Something hits you.
* * * LOW HITPOINT WARNING * * *
Found a scroll labeled OKLYAHI XIRPHU.
You're too confused to move!
Something hits you.
You die...

#.[...........#
##..#####.#####
#..# #.# #..# #.#
##..# #.# #...#
#.# #..# #.#
#>.### #.# #@...#
#.#
#..#>####.#####
#.............#
#....#.####.#.###
......#.# #...#
?......#.# #####
.......#.#
.......#.#
.#....#.#


There were no monsters in sight!

Vanquished Creatures
  An ooze (D:1)
  A dart slug (D:1)
  2 leopard geckos (D:1)
  3 goblins (D:1)
  7 hobgoblins
  A kobold (D:1)
  6 bats (D:1)
  2 frilled lizards
23 creatures vanquished.

Notes
Turn   | Place    | Note
-------+----------+-------------------------------------------
     0 | Abyss:1  | silentkaos13 the Demonspawn Abyssal Knight began the quest
                  | for the Orb.
     0 | Abyss:1  | Reached XP level 1. HP: 18/18 MP: 2/2
    54 | Abyss:1  | Found a corrupted altar of Lugonu.
   108 | Abyss:1  | Noticed a quasit
   119 | Abyss:1  | Found a basalt altar of Yredelemnul.
   127 | Abyss:1  | Noticed a neqoxec
   128 | Abyss:1  | Noticed a large abomination
   130 | Abyss:1  | Gained mutation: Potions are less effective at restoring
                  | your health. [a neqoxec]
   131 | D:1      | Escaped the Abyss
   162 | D:1      | Gained mutation: You are slightly more attuned to the
                  | shadows. [demonic ancestry]
   162 | D:1      | Reached XP level 2. HP: 9/24 MP: 3/3
   392 | D:1      | Reached skill level 1 in Dodging
   420 | D:1      | Reached * piety under Lugonu
   526 | D:1      | Found a sacrificial altar of Ru.
   527 | D:1      | Found a shimmering altar of Xom.
   527 | D:1      | Found a sparkling altar of Nemelex Xobeh.
   530 | D:1      | Found a deep blue altar of Sif Muna.
   530 | D:1      | Found a bloodstained altar of Trog.
   530 | D:1      | Found an iron altar of Okawaru.
   800 | D:1      | Gained mutation: You are partially covered in rugged brown
                  | scales. (AC +1, +3% HP) [demonic ancestry]
   800 | D:1      | Reached XP level 3. HP: 24/29 MP: 4/4
  1196 | D:2      | Noticed Sigmund
  1222 | D:2      | Slain by Sigmund

Levels and vault maps discovered:
D:1:      nicolae_arrival_memento_mori, layout_basic, st_stairs_1,
          doesnt_xom_only_xom
D:2:      wad_lake_hut, layout_basic, cheibriados_altar_1, first_ration,
          grunt_dithmenos_smoke, uniq_sigmund

Skill      XL: |  1  2 |
---------------+-------+-----
Axes           | 2 |  2.2
Dodging        | 1 |  1.1
Armour         | 2 |  2.0
Fighting       | |  3.6
Throwing       | |  0.1
Stealth        | |  0.3
Invocations    | |  2.5

Action                   || total
-------------------------++-------
Melee: Hand axe          ||    66
Throw: Dart              ||     5
Invok: Depart the Abyss  ||     1
  Use: Potion            ||     1
 Stab: Sleeping          ||     3
Armor: Leather armour    ||    28
Dodge: Dodged            ||    54

Table legend:
 A = Non-vault XP
 B = Vault XP
 C = Vault XP percentage of total XP
 D = Non-vault monster count
 E = Vault monster count
 F = Vault count percentage of total count
                 A         B        C        D         E       F
            +---------+---------+-------+---------+---------+-------
      Total |      45 |       4 |   8.2 |      21 |       2 |   8.7
            +---------+---------+-------+---------+---------+-------
        D:1 |      42 |       4 |   8.7 |      19 |       2 |   9.5
        D:2 |       3 |       0 |   0.0 |       2 |       0 |   0.0
            +---------+---------+-------+---------+---------+-------
